[Event "ICC tourney 3043 (15 5)"]
[Site "Internet Chess Club"]
[Date "2022.10.30"]
[Round "6"]
[White "XU JIA, BYRON:ByronJia-W"]
[Black "LI, FLORA:FloraLi-W"]
[Result "1-0"]
[ICCResult "Black checkmated"]
[WhiteElo "949"]
[BlackElo "193"]
[Opening "Four knights game"]
[ECO "C47"]
[NIC "KP.06"]
[Time "17:30:35"]
[PlyCount "135"]
[TimeControl "900+5"]

1. e4 e5 2. Nf3 Nc6 3. Nc3 Nf6 4. d3 h6 5. Be2 Bc5 6. Be3 Bxe3 7. fxe3 d6 8.
d4 exd4 9. exd4 O-O 10. d5 Ne7 11. O-O c6 12. dxc6 Nxc6 13. Nd5 Nxd5 14.
exd5 Ne7 15. c4 Re8 16. b3 Ng6 17. Bd3 Bg4 18. h3 Bxf3 19. Qxf3 Ne5 20. Qd1
Nxd3 21. Qxd3 Qb6+ 22. Kh1 Re3 23. Qd1 Rae8 24. Qd2 Re2 25. Qd3 R8e3 26. Qf5
f6 27. Qc8+ Re8 28. Qf5 Qe3 29. Qf3 Qg5 30. Rf2 Re1+ 31. Rxe1 Rxe1+ 32. Rf1
Re4 33. Qf5 Qxf5 34. Rxf5 Re1+ 35. Kh2 Re2 36. a4 Rb2 37. Rf3 Kf7 38. Kg1
Ke7 39. Kf1 Rb1+ 40. Kf2 Rb2+ 41. Kg3 Kd7 42. Kf4 Kc7 43. g3 Kb6 44. Kf5 Ka5
45. Kg6 Kb4 46. Kxg7 Rxb3 47. Rxb3+ Kxb3 48. Kxf6 Kxa4 49. Kg6 Kb4 50. Kxh6
Kxc4 51. g4 Kxd5 52. g5 Ke6 53. g6 d5 54. Kh7 d4 55. g7 d3 56. g8=Q+ Ke5 57.
Qd8 Ke4 58. Kg7 Ke3 59. h4 d2 60. h5 b5 61. h6 b4 62. h7 b3 63. h8=Q b2 64.
Qh1 Ke2 65. Qb1 a5 66. Qxb2 Ke1 67. Qdxd2+ Kf1 68. Qbc1# {Black checkmated}
1-0

[Event "ICC tourney 3043 (15 5)"]
[Site "Internet Chess Club"]
[Date "2022.10.30"]
[Round "6"]
[White "CHEN JR, DORA:DoraChen-W"]
[Black "XU, AMY:AmyXu-W"]
[Result "0-1"]
[ICCResult "White checkmated"]
[WhiteElo "162"]
[BlackElo "393"]
[Opening "Four knights: Gunsberg variation"]
[ECO "C47"]
[NIC "KP.06"]
[Time "17:31:00"]
[PlyCount "62"]
[TimeControl "900+5"]

1. e4 e5 2. Nf3 Nc6 3. Nc3 Nf6 4. a3 Bc5 5. Bc4 d6 6. d3 Bg4 7. h3 Bh5 8.
Kf1 Nd4 9. Nxd4 Bxd1 10. Bg5 exd4 11. Bxf6 Qxf6 12. Nd5 Qd8 13. Nf4 Bxc2 14.
Re1 O-O 15. Bb5 c6 16. Bc4 b5 17. Bb3 Bxb3 18. Nh5 Qg5 19. Ng3 Rfe8 20. Ne2
d5 21. exd5 Bxd5 22. g3 Bxh1 23. Kg1 Bf3 24. Kf1 Bxe2+ 25. Rxe2 Rxe2 26.
Kxe2 Re8+ 27. Kf3 Qf5+ 28. Kg2 Re2 29. Kf1 Rxb2 30. f4 Qxd3+ 31. Ke1 Qe2#
{White checkmated}
0-1

[Event "ICC tourney 3043 (15 5)"]
[Site "Internet Chess Club"]
[Date "2022.10.30"]
[Round "6"]
[White "PE, KYLE:KylePE-W"]
[Black "HU, DEREK:DerekHu-W"]
[Result "0-1"]
[ICCResult "White checkmated"]
[WhiteElo "620"]
[BlackElo "768"]
[Opening "Giuoco Pianissimo"]
[ECO "C50"]
[NIC "IG.02"]
[Time "17:30:27"]
[PlyCount "86"]
[TimeControl "900+5"]

1. e4 e5 2. Nf3 Nc6 3. Bc4 Bc5 4. d3 h6 5. h3 Nf6 6. O-O d6 7. Nc3 Be6 8.
Bb3 Qd7 9. Na4 O-O-O 10. Nxc5 dxc5 11. Bxe6 Qxe6 12. Be3 Nxe4 13. Bxc5 Nxc5
14. Qd2 e4 15. Rfe1 Qf5 16. Nh4 Qf6 17. g3 g5 18. Ng2 exd3 19. cxd3 Rxd3 20.
Qc2 b6 21. b4 Rc3 22. Qb2 Nd3 23. Qe2 Nxe1 24. Rxe1 Nxb4 25. Qb5 Rc2 26. Rf1
Nxa2 27. Ne3 Rb2 28. Qa6+ Kb8 29. Nd5 Qc6 30. Ne7 Qe6 31. Qa3 Rb3 32. Qxa2
Rxg3+ 33. fxg3 Qxa2 34. Nc6+ Kb7 35. Nb4 Qa3 36. Nd5 Qc5+ 37. Ne3 Qxe3+ 38.
Kh2 Qe2+ 39. Kg1 Qe6 40. Kh1 Qxh3+ 41. Kg1 Qxg3+ 42. Kh1 Rd8 43. Rg1 Qh3#
{White checkmated}
0-1

[Event "ICC tourney 3043 (15 5)"]
[Site "Internet Chess Club"]
[Date "2022.10.30"]
[Round "6"]
[White "MAR, MAXIMUS:MaximusMar-W"]
[Black "IYER, NITIKA:NitikaIyer-W"]
[Result "0-1"]
[ICCResult "White checkmated"]
[WhiteElo "859"]
[BlackElo "787"]
[Opening "Giuoco Piano"]
[ECO "C53"]
[NIC "IG.02"]
[Time "17:30:44"]
[PlyCount "114"]
[TimeControl "900+5"]

1. e4 e5 2. Nf3 Nc6 3. Bc4 Bc5 4. c3 d6 5. d4 exd4 6. cxd4 Bb4+ 7. Bd2 Bxd2+
8. Nbxd2 Bg4 9. O-O Nxd4 10. Qb3 Nxb3 11. Bxb3 Qf6 12. Rac1 O-O-O 13. h3
Bxf3 14. Nxf3 Qxb2 15. Ng5 Qf6 16. Nxf7 Ne7 17. Nxh8 Rxh8 18. Rc2 Nc6 19.
Rfc1 Qe7 20. Rb2 Qf6 21. Rcb1 Na5 22. a4 Nxb3 23. Rxb3 b6 24. a5 Rf8 25. f3
Qd4+ 26. Kh1 Kb7 27. Rb4 Qc5 28. Rb5 Qc6 29. Kh2 a6 30. Rh5 h6 31. axb6 cxb6
32. Kh1 Qc2 33. Ra1 Qb2 34. Rd1 Rf6 35. Rhd5 Rg6 36. g4 Kc6 37. R5d2 Qf6 38.
Rc1+ Kd7 39. Ra2 Qxf3+ 40. Kh2 Qf4+ 41. Kg1 Qxc1+ 42. Kg2 a5 43. Kg3 Qc4 44.
Ra1 a4 45. Ra3 Qb4 46. Rf3 a3 47. Rf7+ Ke6 48. Rf8 a2 49. Re8+ Kd7 50. Ra8
Qb3+ 51. Kh4 Qb2 52. Ra7+ Kc6 53. Ra8 a1=Q 54. Rc8+ Kb7 55. Rc7+ Kxc7 56. e5
Qe1+ 57. Kh5 Rg5# {White checkmated} 0-1

[Event "ICC tourney 3043 (15 5)"]
[Site "Internet Chess Club"]
[Date "2022.10.30"]
[Round "6"]
[White "YOUJIA CHEN, ROY:RoyChen-W"]
[Black "WENG, SAM:SamWeng-W"]
[Result "0-1"]
[ICCResult "White resigns"]
[WhiteElo "628"]
[BlackElo "552"]
[Opening "King's pawn game"]
[ECO "C50"]
[NIC "IG.03"]
[Time "17:38:16"]
[PlyCount "76"]
[TimeControl "900+5"]

1. e4 e5 2. Nf3 Nc6 3. Bc4 h6 4. c3 d6 5. h3 Nf6 6. d4 Bd7 7. dxe5 dxe5 8.
Be3 Bd6 9. Nbd2 O-O 10. O-O a6 11. a4 Re8 12. Qb3 Rb8 13. Bxf7+ Kf8 14. Bxe8
Qxe8 15. Nc4 Be7 16. Nfxe5 Nxe5 17. Nxe5 Bc6 18. f3 Bd6 19. Nxc6 bxc6 20.
Qc2 c5 21. f4 Nxe4 22. Rae1 Ng3 23. Bxc5 Bxc5+ 24. Kh2 Nxf1+ 25. Rxf1 Qe3
26. b4 Ba7 27. Qf5+ Kg8 28. Qd5+ Kh8 29. Qb3 c5 30. b5 axb5 31. axb5 Qd3 32.
Rd1 Qxb5 33. Qxb5 Rxb5 34. Rd8+ Kh7 35. Rd7 Bb8 36. Rf7 Kg6 37. Rf8 Bd6 38.
g3 Bxf8 {White resigns} 0-1

[Event "ICC tourney 3043 (15 5)"]
[Site "Internet Chess Club"]
[Date "2022.10.30"]
[Round "6"]
[White "GENG, EVAN:EvanGeng-W"]
[Black "GONG, JONATHAN:JonathanGong-W"]
[Result "0-1"]
[ICCResult "White checkmated"]
[WhiteElo "100"]
[BlackElo "861"]
[Opening "Sicilian: Najdorf, Lipnitzky attack"]
[ECO "B86"]
[NIC "SI.13"]
[Time "17:30:35"]
[PlyCount "138"]
[TimeControl "900+5"]

1. e4 c5 2. Nf3 d6 3. Nc3 Nf6 4. d4 cxd4 5. Nxd4 a6 6. Bc4 e6 7. O-O Be7 8.
Bf4 e5 9. Bxe5 dxe5 10. Nf5 Qxd1 11. Rfxd1 Bxf5 12. exf5 O-O 13. Nd5 Nxd5
14. Bxd5 Nc6 15. Re1 Bf6 16. Rad1 Rfd8 17. Bxc6 bxc6 18. h3 h6 19. Rxd8+
Rxd8 20. Re2 Rd1+ 21. Kh2 Rb1 22. b3 Rb2 23. a4 Kf8 24. Kg3 Ke7 25. Kf3 Kd6
26. Ke4 Kc5 27. Kd3 Kb4 28. g4 Rb1 29. Re4+ Kc5 30. Rc4+ Kd6 31. Rb4 Rd1+
32. Ke2 Rh1 33. Rb7 Be7 34. Ra7 Rxh3 35. Rxa6 Rc3 36. Kd2 Rc5 37. b4 Bg5+
38. Ke1 Rxc2 39. Kf1 Kd5 40. Ra5+ Kc4 41. Rxe5 Kxb4 42. a5 Rc5 43. Re4+ Kxa5
44. Re1 Rc1 45. Rxc1 Bxc1 46. Ke2 c5 47. Kd3 Kb6 48. Kc2 Bf4 49. Kd3 Kc6 50.
Kc4 Bh2 51. f3 Bg1 52. Kc3 Kd5 53. Kc2 c4 54. Kc1 Kd4 55. Kc2 Ke3 56. Kc3
Kxf3 57. Kxc4 Kxg4 58. Kd5 Kxf5 59. Kd6 h5 60. Ke7 h4 61. Kxf7 g5 62. Kg7 h3
63. Kh6 Be3 64. Kh5 h2 65. Kh6 g4+ 66. Kg7 h1=Q 67. Kf8 Qb7 68. Ke8 Ke6 69.
Kf8 Qf7# {White checkmated} 0-1

[Event "ICC tourney 3043 (15 5)"]
[Site "Internet Chess Club"]
[Date "2022.10.30"]
[Round "6"]
[White "YEE, SAMANTHA:SamanthaYee-W"]
[Black "SEN WANG, ETHAN:EthanWang-W"]
[Result "1-0"]
[ICCResult "Black checkmated"]
[WhiteElo "453"]
[BlackElo "317"]
[Opening "Three knights game"]
[ECO "C46"]
[NIC "KP.06"]
[Time "17:31:08"]
[PlyCount "111"]
[TimeControl "900+5"]

1. e4 e5 2. Nf3 Nc6 3. Nc3 Bc5 4. Nxe5 Nxe5 5. d4 Bxd4 6. Qxd4 d6 7. f4 Nc6
8. Qxg7 Qf6 9. Qg3 Nd4 10. Qd3 Qg7 11. Be3 Ne6 12. f5 Nc5 13. Qd2 Nf6 14.
Qd4 Bd7 15. Nd5 O-O-O 16. Nxf6 Ba4 17. b3 Bc6 18. e5 dxe5 19. Qxc5 Qxf6 20.
Qxa7 Qh4+ 21. g3 Qe4 22. f6 Qxe3+ 23. Qxe3 Bxh1 24. Bd3 Bg2 25. O-O-O Bh3
26. Qxe5 Bg4 27. Qf4 Bxd1 28. Qf5+ Kb8 29. Kxd1 Rde8 30. Qb5 Re6 31. Qf5
Rhe8 32. Qxh7 Re1+ 33. Kd2 R8e3 34. Qg8+ Ka7 35. Qxf7 Rf3 36. Qxc7 Rf2+ 37.
Kc3 Rc1 38. Qa5+ Kb8 39. Qb6 Rf3 40. f7 Rxf7 41. Ba6 Rcf1 42. Qd6+ Ka8 43.
Bb5 R7f3+ 44. Kb2 R1f2 45. Qd5 Re3 46. Qd8+ Ka7 47. Qd4+ Ka8 48. Qxe3 Rxc2+
49. Kxc2 b6 50. Bc6+ Kb8 51. Qe5+ Kc8 52. g4 Kd8 53. g5 Kc8 54. g6 Kd8 55.
g7 Kc8 56. g8=Q# {Black checkmated} 1-0

[Event "ICC tourney 3043 (15 5)"]
[Site "Internet Chess Club"]
[Date "2022.10.30"]
[Round "6"]
[White "WANG, OLIVER:OliverWang-W"]
[Black "CHENHE ZUO, ALEX:AlexZuo-W"]
[Result "1/2-1/2"]
[ICCResult "Game drawn by mutual agreement"]
[WhiteElo "876"]
[BlackElo "894"]
[Opening "French: exchange variation"]
[ECO "C01"]
[NIC "FR.01"]
[Time "17:30:49"]
[PlyCount "71"]
[TimeControl "900+5"]

1. e4 e6 2. d4 d5 3. exd5 exd5 4. Nc3 c6 5. Nf3 Bd6 6. Qe2+ Be6 7. Be3 Nf6
8. O-O-O O-O 9. h4 h6 10. Ne5 Nbd7 11. f4 Bxe5 12. dxe5 Bg4 13. Qd3 Bxd1 14.
Kxd1 Nh7 15. g4 Re8 16. g5 hxg5 17. hxg5 g6 18. f5 Ndf8 19. Bd4 Qxg5 20.
fxg6 fxg6 21. Rg1 Qh5+ 22. Be2 Qh6 23. Be3 Qg7 24. Bd4 Re6 25. Bg4 Ree8 26.
e6 Qh6 27. Be3 Qg7 28. Bd4 Qh6 29. Be3 Qh4 30. Bf5 Qh5+ 31. Bg4 Qe5 32. Bd4
Qg5 33. Be3 Qh4 34. Bf5 Qh5+ 35. Bg4 Qe5 36. Bd4
{Game drawn by mutual agreement}
1/2-1/2

[Event "ICC tourney 3043 (15 5)"]
[Site "Internet Chess Club"]
[Date "2022.10.30"]
[Round "6"]
[White "HUANG,JAYDEN:JaydenHuang-W"]
[Black "ZIJIAN SU, OWEN:OwenSu-W"]
[Result "0-1"]
[ICCResult "White resigns"]
[WhiteElo "686"]
[BlackElo "496"]
[Opening "Scotch game"]
[ECO "C45"]
[NIC "SO.05"]
[Time "17:30:20"]
[PlyCount "73"]
[TimeControl "900+5"]

1. e4 e5 2. Nf3 Nc6 3. d4 exd4 4. Nxd4 Bc5 5. Be3 Qf6 6. c3 d6 7. Bc4 Nge7
8. O-O O-O 9. b4 Bb6 10. Qd2 Qg6 11. Nxc6 Nxc6 12. Bxb6 axb6 13. Qf4 Bh3 14.
Qg3 Bg4 15. h3 Qxe4 16. Nd2 Qc2 17. Qxg4 Qxd2 18. Qe2 Qxc3 19. b5 Na5 20.
Bd3 Rfe8 21. Qf3 Re6 22. Qf5 g6 23. Qf3 Rf6 24. Qe3 Re8 25. Qxe8+ Kg7 26.
Qe3 Re6 27. Qg3 Qd4 28. Rfe1 Rf6 29. Re7 c6 30. bxc6 bxc6 31. Qe3 Qxa1+ 32.
Kh2 Qxa2 33. Qxb6 Qa3 34. Be4 d5 35. Bf3 Qxe7 36. Qxa5 d4 37. Qc5
{White resigns}
0-1

[Event "ICC tourney 3043 (15 5)"]
[Site "Internet Chess Club"]
[Date "2022.10.30"]
[Round "6"]
[White "LIAO, JESSIE:JessieLiao-W"]
[Black "YATSHING LIN, JAMES:JamesLin-W"]
[Result "1-0"]
[ICCResult "Black checkmated"]
[WhiteElo "878"]
[BlackElo "849"]
[Opening "Two knights defense (Modern bishop's opening)"]
[ECO "C55"]
[NIC "IG.01"]
[Time "17:30:30"]
[PlyCount "75"]
[TimeControl "900+5"]

1. e4 e5 2. Nf3 Nc6 3. Bc4 Nf6 4. d3 h6 5. Nc3 Bc5 6. h3 d6 7. O-O O-O 8.
Re1 Be6 9. Bb3 a6 10. Be3 Bxe3 11. fxe3 b5 12. Bd5 Bxd5 13. exd5 Ne7 14. e4
c6 15. dxc6 Nxc6 16. d4 Qb6 17. Nd5 Nxd5 18. exd5 Ne7 19. Kh1 Nxd5 20. dxe5
Qc6 21. exd6 Qxd6 22. Qd3 f6 23. Rad1 Rad8 24. c4 bxc4 25. Qxc4 Kh8 26. Nh4
Qg3 27. Nf5 Nf4 28. Nxg3 Rxd1 29. Rxd1 Ng6 30. Qxa6 Rb8 31. b3 Nf4 32. Rd6
Re8 33. Nf5 Re1+ 34. Kh2 h5 35. Qb7 Rh1+ 36. Kxh1 Ne6 37. Rxe6 Kg8 38. Qxg7#
{Black checkmated}
1-0

[Event "ICC tourney 3043 (15 5)"]
[Site "Internet Chess Club"]
[Date "2022.10.30"]
[Round "6"]
[White "YU, PHOENIX:PhoenixYu-W"]
[Black "PENG YU, BILL:BillYu-W"]
[Result "0-1"]
[ICCResult "White checkmated"]
[WhiteElo "648"]
[BlackElo "488"]
[Opening "Giuoco Piano"]
[ECO "C50"]
[NIC "IG.02"]
[Time "17:30:23"]
[PlyCount "128"]
[TimeControl "900+5"]

1. e4 e5 2. Nf3 Nc6 3. Bc4 Bc5 4. h3 Nf6 5. Nc3 d6 6. O-O Be6 7. Bxe6 fxe6
8. d3 h6 9. Be3 Bb6 10. Na4 Bd4 11. c3 Bxe3 12. fxe3 O-O 13. c4 Nd7 14. Nc3
Nc5 15. d4 exd4 16. exd4 Nd7 17. d5 Nce5 18. Nxe5 dxe5 19. Ne2 Qh4 20. Qd3
Nc5 21. Qe3 exd5 22. cxd5 Nxe4 23. a3 Rae8 24. b4 Nf6 25. Rab1 Nxd5 26. Qg3
Qxg3 27. Nxg3 Ne3 28. Rfe1 Nc4 29. a4 b6 30. b5 Rf4 31. Rf1 Rxf1+ 32. Rxf1
e4 33. Rc1 Nb2 34. Rxc7 Nxa4 35. Rxa7 Nc3 36. Ra6 e3 37. Kf1 Nxb5 38. Rxb6
Nd4 39. Rb2 Kf7 40. Ne2 Nxe2 41. Kxe2 Kf6 42. Rb3 g5 43. Rxe3 Rg8 44. Rf3+
Ke5 45. Rg3 Kf4 46. Kf2 h5 47. Rf3+ Ke4 48. Kg3 Rc8 49. Kf2 Rc2+ 50. Kg3 Rc5
51. Kf2 Ke5 52. Re3+ Kf4 53. Rf3+ Ke4 54. g3 g4 55. hxg4 hxg4 56. Rf4+ Kd3
57. Rxg4 Rf5+ 58. Rf4 Re5 59. g4 Re2+ 60. Kg3 Ke3 61. Rf5 Ke4 62. Kh4 Rg2
63. Rh5 Kf4 64. g5 Rh2# {White checkmated} 0-1

[Event "ICC tourney 3043 (15 5)"]
[Site "Internet Chess Club"]
[Date "2022.10.30"]
[Round "6"]
[White "XIANGBO GU, ANDREW:AndrewGu-WING"]
[Black "WU, MARCUS:MarcusWu-W"]
[Result "0-1"]
[ICCResult "White checkmated"]
[WhiteElo "851"]
[BlackElo "510"]
[Opening "Giuoco Piano"]
[ECO "C50"]
[NIC "IG.02"]
[Time "17:31:02"]
[PlyCount "140"]
[TimeControl "900+5"]

1. e4 e5 2. Nf3 Nc6 3. Bc4 Bc5 4. O-O Nf6 5. d3 h6 6. h3 d6 7. a3 O-O 8. Nc3
a6 9. Bd5 Nxd5 10. exd5 Ne7 11. d4 exd4 12. Nxd4 Bxd4 13. Qxd4 c5 14. dxc6
Nxc6 15. Qd3 Ne5 16. Qe2 Re8 17. Bf4 Ng6 18. Qf3 Nxf4 19. Qxf4 Qb6 20. Nd5
Qc6 21. Qf3 Be6 22. Nf4 Qxf3 23. gxf3 Bf5 24. c3 Rac8 25. Rfe1 Rxe1+ 26.
Rxe1 Rc4 27. Nd5 Bxh3 28. Kh2 Be6 29. Ne3 Rh4+ 30. Kg2 Rf4 31. Rd1 Rf6 32.
b3 Rg6+ 33. Kf1 b5 34. c4 bxc4 35. bxc4 Bh3+ 36. Ke2 Rf6 37. Rb1 Bf5 38.
Nxf5 Rxf5 39. Rb6 Re5+ 40. Kd3 Ra5 41. Rb3 d5 42. cxd5 Rxd5+ 43. Kc4 Rf5 44.
Rb6 h5 45. Rxa6 h4 46. Rb6 Rxf3 47. Rb1 Rxa3 48. Rh1 h3 49. Kd4 Kh7 50. Ke4
g5 51. Kf5 Kh6 52. Kg4 Ra4+ 53. Kg3 g4 54. f3 f5 55. Rf1 Kh5 56. Rh1 Ra3 57.
Rf1 Rb3 58. Rf2 Rc3 59. Rf1 Kg5 60. Rf2 f4+ 61. Kh2 g3+ 62. Kg1 gxf2+ 63.
Kxf2 Kh4 64. Kg1 Kg3 65. Kf1 h2 66. Ke2 h1=Q 67. Kd2 Qxf3 68. Ke1 Rc1+ 69.
Kd2 Qc3+ 70. Ke2 Qc2# {White checkmated} 0-1